 Dungeon Crawl Stone Soup version 0.27-a0-1123-g2f9bb313c0 (webtiles) character file.

Game seed: 12246061017027425040

73 Zeld the Skirmisher (level 4, 0/33 HPs)
             Began as an Octopode Fighter on May 4, 2021.
             Slain by a centaur zombie (2 damage)
             ... on level 2 of the Dungeon.
             The game lasted 00:01:25 (2066 turns).

Zeld the Skirmisher (Octopode Fighter)              Turns: 2066, Time: 00:01:26

Health: 0/33       AC:  1    Str: 16    XL:     4   Next: 27%
Magic:  4/4        EV: 11    Int: 10    God:
Gold:   72         SH:  9    Dex: 11    Spells: 3/3 levels left

rFire    . . .     SeeInvis .   a - +0 war axe
rCold    . . .     Faith    .   b - +0 kite shield
rNeg     . . .     Spirit   .   (helmet restricted)
rPois    .         Reflect  .   (no amulet)
rElec    .         Harm     .   (no ring)
rCorr    .         Rampage  .   (no ring)
Will     .....                  (no ring)
Stlth    ++........             (no ring)
HPRegen  0.11/turn              (no ring)
MPRegen  0.09/turn              (no ring)
                                (no ring)
                                (no ring)

@: no status effects
A: almost no armour, amphibious, 8 rings, camouflage 1, gelatinous body 1,
(nimble swimmer 1), tentacles
a: no special abilities


You were on level 2 of the Dungeon.
You visited 1 branch of the dungeon, and saw 2 of its levels.

You collected 72 gold pieces.

Inventory:

Hand Weapons
 a - a +0 war axe (weapon)
Armour
 b - a +0 kite shield (worn)
Jewellery
 g - a +6 ring of dexterity
Scrolls
 d - a scroll of identify {unknown}
 e - a scroll of amnesia {unknown}
Potions
 c - a potion of might
 f - a potion of attraction {unknown}
 h - a potion of curing {unknown}


   Skills:
 * Level 3.8 Fighting
 * Level 3.0 Axes
 - Level 3.0 Dodging
 * Level 3.7 Shields


You had 3 spell levels left.
You didn't know any spells.
Your spell library contained the following spells:

 Spells                   Type           Power      Damage    Failure   Level
 Animate Skeleton         Necr           0%         N/A       85%         1
 Apportation              Tloc           0%         N/A       85%         1
 Corona                   Hex            0%         N/A       85%         1
 Summon Small Mammal      Summ           0%         N/A       85%         1
 Call Imp                 Summ           0%         N/A       94%         2
 Call Canine Familiar     Summ           0%         N/A       99%         3
 Summon Guardian Golem    Hex/Summ       0%         N/A       99%         3
 Summon Ice Beast         Ice/Summ       0%         N/A       100%        4
 Summon Lightning Spire   Summ/Air       0%         N/A       100%        4


Dungeon Overview and Level Annotations

Branches:
Dungeon (2/15)

Altars:


Innate Abilities, Weirdness & Mutations

You cannot wear most types of armour.
You are amphibious.
You can wear up to eight rings at the same time.
Your skin changes colour to match your surroundings (Stealth+).
Your rubbery body absorbs attacks. (AC +1, EV +1)
((You are camouflaged near water. (Stealth+)))
You have tentacles for arms and can constrict up to eight enemies at once.


Message History

You hit the centaur zombie. You squeeze the centaur zombie.
The centaur zombie is moderately damaged.
You block the centaur zombie's attack. The centaur zombie barely misses you.
The centaur zombie closely misses you.
The centaur zombie kicks you but does no damage.
You hit the centaur zombie.
The centaur zombie is heavily damaged.
The centaur zombie hits you. The centaur zombie kicks you.
The centaur zombie barely misses you. x2
You block the centaur zombie's attack.
The centaur zombie completely misses you.
Your shield prevents you from hitting the centaur zombie.
The centaur zombie is heavily damaged.
The centaur zombie hits you. You block the centaur zombie's attack.
The centaur zombie closely misses you. The centaur zombie kicks you.
* * * LOW HITPOINT WARNING * * *
You hit the centaur zombie. Your squeeze misses the centaur zombie.
The centaur zombie is heavily damaged.
You block the centaur zombie's attack. The centaur zombie kicks you.
* * * LOW HITPOINT WARNING * * *
The centaur zombie closely misses you.
The centaur zombie kicks you but does no damage.
You slash the centaur zombie!
The centaur zombie is severely damaged.
The centaur zombie hits you.
* * * LOW HITPOINT WARNING * * *
You block the centaur zombie's attack.
The centaur zombie hits you but does no damage.
The centaur zombie closely misses you.
You barely miss the centaur zombie.
The centaur zombie is severely damaged.
The centaur zombie closely misses you. You block the centaur zombie's attack.
The centaur zombie hits you.
* * * LOW HITPOINT WARNING * * *
The centaur zombie closely misses you.
Unknown command.
You barely miss the centaur zombie. You squeeze the centaur zombie.
The centaur zombie is almost destroyed.
The centaur zombie hits you.
You die...

##.#######..(....'...'.†.....#
# #.# #..)....#)..#.......# #
#.# ##.....##...##.....## #
#.# ##...###...###...## # #.#
##### #...# ##### #### #.#
##...# #...###...###... #.#
##.....##...##.....##### #.#
#.......#...#†......# #
#..[.?†@'...'.......####
#.....Z.#...#.......#...
##.....##..†##.....#####
##...# #...###...## # ####
#...# ##### # #...# # #...# #
#...# # +...+ #


You could see a centaur zombie.

Vanquished Creatures
  2 adders (D:2)
  3 dart slugs
  3 ball pythons
  5 endoplasms
  A giant cockroach (D:1)
  2 goblins
  5 hobgoblins
  5 jackals (D:1)
  2 quokkas (D:1)
  3 bats
  3 frilled lizards
  10 kobolds
  3 rats
47 creatures vanquished.

Notes
Turn   | Place    | Note
-------+----------+-------------------------------------------
     0 | D:1      | Zeld the Octopode Fighter began the quest for the Orb.
     0 | D:1      | Reached XP level 1. HP: 16/16 MP: 1/1
    59 | D:1      | Reached XP level 2. HP: 4/21 MP: 2/2
   739 | D:1      | Reached XP level 3. HP: 26/26 MP: 3/3
  1121 | D:1      | Found a faded altar of an unknown god.
  1869 | D:2      | Reached XP level 4. HP: 33/33 MP: 4/4
  2066 | D:2      | Slain by a centaur zombie

Illustrated notes

Levels and vault maps discovered:
D:1:      dpeg_arrival_tiny_i, layout_basic,
          ebering_ecumenical_altar_sacrificial
D:2:      kennysheep_six_static_rooms, layout_loops_ring,
          small_statue_intersection

Skill      XL: |  1  2  3  4 |
---------------+-------------+-----
Axes           | 3 |  3.0
Fighting       | |  3.8
Dodging        | |  3.0
Shields        | |  3.7

Action                   |  1- 3 |  4- 6 || total
-------------------------+-------+-------++-------
Melee: War axe           |    64 |    21 ||    85
       Constrict         |    19 |     2 ||    21
       Tentacles         |     5 |     4 ||     9
 Stab: Sleeping          |     7 |       ||     7
Armor: Skin              |     7 |     5 ||    12
Dodge: Dodged            |    34 |    20 ||    54
Block: Kite shield       |    26 |    18 ||    44

Table legend: (Time is in decaauts)
 A = Elapsed time spent in this place.
 B = Non-inter-level travel time spent in this place.
 C = Inter-level travel time spent in this place.
 D = Time resting spent in this place.
 E = Time spent auto-exploring this place.
 F = Levels seen in this place.
 G = Mean time per level.
                   A        B        C        D        E       F      G
               +--------+--------+--------+--------+--------+-----+--------+
         Total |   2116 |   2101 |     15 |      0 |   1808 |   2 | 1058.0 |
       Dungeon |   2116 |   2101 |     15 |      0 |   1808 |   2 | 1058.0 |
               +--------+--------+--------+--------+--------+-----+--------+

Top non-repeatable levels by time:
     D:1: 1411 daAuts
     D:2: 705 daAuts
